 Dungeon Crawl Stone Soup version 0.31-a0-66-ge618eeaa78 (webtiles) character file.

Game seed: 13996453468514719314

276 Mesmaeker13 the Magician (level 6, 0/32 HPs)
             Began as a Deep Elf Air Elementalist on May 22, 2023.
             Slain by an ogre
             ... wielding a +0 giant club
              (26 damage)
             ... on level 5 of the Dungeon.
             The game lasted 00:06:11 (4455 turns).

Mesmaeker13 the Magician (DEAE)                     Turns: 4455, Time: 00:06:11

Health: 0/32       AC:  4    Str:  5    XL:     6   Next: 4%
Magic:  7/15       EV: 12    Int: 22    God:
Gold:   375        SH:  3    Dex: 15    Spells: 8/14 levels left

rFire   + . .        s - +1 short sword (protect)
rCold   . . .        w - +0 buckler
rNeg    . . .        a - +0 robe
rPois   +            u - +0 helmet
rElec   .            (no cloak)
rCorr   .            p - +0 pair of gloves
SInv    .            (no boots)
Will    .....        (no amulet)
Stlth   ++           f - ring of poison resistance
HPRegen 0.25/turn    j - ring of protection from fire
MPRegen 0.14/turn

%: no passive effects
@: very slightly contaminated
A: no striking features
a: no special abilities


You were on level 5 of the Dungeon.
You visited 1 branch of the dungeon, and saw 5 of its levels.

You collected 375 gold pieces.

Inventory:

Hand Weapons
 s - a +1 short sword of protection (weapon)
 v - a +2 falchion of flaming
Missiles
 x - 6 poisoned darts
Armour
 a - a +0 robe (worn)
 h - a +0 kite shield
 p - a +0 pair of gloves (worn)
 u - a +0 helmet (worn)
 w - a +0 buckler (worn)
Jewellery
 f - a ring of poison resistance (left hand)
 j - a ring of protection from fire (right hand)
Scrolls
 c - a scroll of silence {unknown}
 g - 2 scrolls of teleportation {unknown}
 o - a scroll of immolation
 q - a scroll of blinking {unknown}
 r - a scroll of magic mapping {unknown}
 t - a scroll of noise {unknown}
Potions
 b - a potion of magic
 d - a potion of mutation {unknown}
 e - 6 potions of curing
 i - a potion of enlightenment {unknown}
 k - 2 potions of ambrosia
 l - 2 potions of berserk rage {unknown}
 m - a potion of heal wounds {unknown}
 n - a potion of haste {unknown}


   Skills:
 + Level 4.3 Dodging
 - Level 2.4 Stealth
 + Level 4.9 Spellcasting
 + Level 3.4 Conjurations
 + Level 4.2 Air Magic


You had 8 spell levels left.
You knew the following spells:

 Your Spells              Type           Power      Damage    Failure   Level
a - Shock                 Conj/Air       76%        1d7       5%          1
b - Static Discharge      Conj/Air       38%        2-4/arc   8%          2
c - Swiftness             Air            24%        N/A       11%         3

Your spell library contained the following spells:

 Spells                   Type           Power      Damage    Failure   Level
 Airstrike                Air            12%        2d(2-18)  34%         4


Dungeon Overview and Level Annotations

Branches:
Dungeon (5/15)
 Temple: D:4-7

Altars:
Ashenzari
Dithmenos
Okawaru
Trog

Shops:
D:4 :


Message History

Confirm with . or Enter, or press ? or * to list all spells.
Aiming: Shock (safe; 5% risk of failure)
Press: ? - help, Shift-Dir - straight line, p - ogre You miscast Shock.
You are very lightly contaminated with residual magic.
Nothing appears to happen.
Unknown command.
Casting: Shock (safe; 5% risk of failure)
Confirm with . or Enter, or press ? or * to list all spells.
Aiming: Shock (safe; 5% risk of failure)
Press: ? - help, Shift-Dir - straight line The zap hits the ogre.
The ogre is moderately wounded.
The ogre closely misses you.
Unknown command.
Casting: Shock (safe; 5% risk of failure)
Confirm with . or Enter, or press ? or * to list all spells.
You miscast Static Discharge.
Nothing appears to happen.
The ogre barely misses you.
Unknown command.
Casting: Static Discharge (safe; 8% risk of failure)
Confirm with . or Enter, or press ? or * to list all spells.
The ogre is struck by an arc of lightning.
The ogre is heavily wounded.
You are struck by an arc of lightning.
The ogre is struck by an arc of lightning.
The ogre is heavily wounded.
You are struck by an arc of lightning.
The lightning grounds out.
The ogre barely misses you.
Casting: Static Discharge (safe; 8% risk of failure)
Confirm with . or Enter, or press ? or * to list all spells.
The ogre is struck by an arc of lightning.
The ogre is severely wounded.
You are struck by an arc of lightning.
The ogre is struck by an arc of lightning.
The ogre is severely wounded.
The lightning grounds out.
The ogre hits you with a +0 giant club!!
Ouch! That really hurt!
You die...

## ### ... .. ## ...O##.
.#### # #....#....####.######
#...# .........#### ##.##
#..[...<. # ##.## #.##.###.
#. #..O## #.#.##.# #.
#.#.###@###....#.##.###. ...
#...[.# #........
###.###.##..# #.##.....
#...###..# #.##..<.. ..#
##.## #..# #.##.....
#.#.######.## #..####.##.....
#.#.....[...###..#...†.....#.
#.######.........#.##.......(
#.# #.......<....##.###..##


You could see an ogre.

Vanquished Creatures
  A bullfrog (D:5)
  3 hounds
  6 adders
  4 worms
  2 orcs
  9 endoplasms
  2 giant cockroaches (D:1)
  7 goblins
  5 hobgoblins
  2 jackals (D:3)
  2 quokkas
  3 ball pythons
  4 bats
  2 frilled lizards
  5 kobolds
  5 rats
62 creatures vanquished.

Notes
Turn   | Place    | Note
-------+----------+-------------------------------------------
     0 | D:1      | Mesmaeker13 the Deep Elf Air Elementalist began the quest
                  | for the Orb.
     0 | D:1      | Reached XP level 1. HP: 10/10 MP: 6/6
   420 | D:1      | Reached XP level 2. HP: 15/15 MP: 2/8
   915 | D:1      | Found a faded altar of an unknown god.
   959 | D:2      | Learned a level 2 spell: Static Discharge
  1393 | D:2      | Reached XP level 3. HP: 12/19 MP: 5/10
  2532 | D:3      | Reached XP level 4. HP: 22/24 MP: 4/11
  2749 | D:3      | Found a bloodstained altar of Trog.
  3480 | D:4      | Found Asowy Xipayb's Self-Improvement Boutique.
  3670 | D:4      | Found a shadowy altar of Dithmenos.
  3819 | D:4      | Found an iron altar of Okawaru.
  3820 | D:4      | Found a broken altar of Ashenzari.
  3897 | D:5      | Entered Level 5 of the Dungeon
  3898 | D:5      | Noticed a bullfrog
  3904 | D:5      | Killed a bullfrog
  3905 | D:5      | Reached XP level 5. HP: 27/28 MP: 4/13
  3986 | D:5      | Learned a level 3 spell: Swiftness
  4010 | D:5      | Noticed a centaur
  4238 | D:5      | Reached XP level 6. HP: 32/32 MP: 8/15
  4455 | D:5      | Slain by an ogre

Illustrated notes

Levels and vault maps discovered:
D:1:      minmay_arrival_three_doors, layout_loops_cross,
          shapermc_ecumenical_altar_mp_highgroup
D:2:      layout_basic
D:3:      layout_basic, trog_three_pillars_becter
D:4:      layout_gridville, grunt_dithmenos_smoke,
          gammafunk_temple_overflow_statue, nicolae_shop_self_help
D:5:      layout_loops_ring, chequers_arboretum

Skill      XL: |  1  2  3  4 |
---------------+-------------+-----
Dodging        | 3 4 |  4.3
Conjurations   | 2 3 |  3.4
Spellcasting   | 4 |  4.9
Air Magic      | 4 |  4.2
Stealth        | |  2.4

Action                     |  1- 3 |  4- 6 || total
---------------------------+-------+-------++-------
  Melee: Unarmed           |     1 |       ||     1
         Hand axe          |       |     6 ||     6
         Short sword       |       |     3 ||     3
         Punch             |       |     1 ||     1
   Cast: Shock             |    82 |    55 ||   137
         Static Discharge  |    13 |    13 ||    26
    Use: Scroll            |       |     2 ||     2
         Potion            |       |     1 ||     1
 Armour: Robe              |     1 |     9 ||    10
  Dodge: Dodged            |     9 |    26 ||    35
  Block: Buckler           |       |     2 ||     2

Table legend: (Time is in decaauts)
 A = Elapsed time spent in this place.
 B = Non-inter-level travel time spent in this place.
 C = Inter-level travel time spent in this place.
 D = Time resting spent in this place.
 E = Time spent auto-exploring this place.
 F = Levels seen in this place.
 G = Mean time per level.
                   A        B        C        D        E       F      G
               +--------+--------+--------+--------+--------+-----+--------+
         Total |   4455 |   4334 |    121 |    626 |   3197 |   5 |  891.0 |
       Dungeon |   4455 |   4334 |    121 |    626 |   3197 |   5 |  891.0 |
               +--------+--------+--------+--------+--------+-----+--------+

Top non-repeatable levels by time:
     D:3: 1245 daAuts
     D:2: 1158 daAuts
     D:1: 953 daAuts
     D:4: 608 daAuts
     D:5: 489 daAuts
